 Dungeon Crawl Stone Soup version 0.21.1-1-g345015f (webtiles) character file.

39 suicidejoker the Sneak (level 3, 0/25 HPs)
             Began as an Octopode Assassin on Apr 15, 2018.
             Slain by an adder (3 damage)
             ... on level 2 of the Dungeon.
             The game lasted 00:02:27 (1501 turns).

suicidejoker the Sneak (Octopode Assassin)          Turns: 1501, Time: 00:02:27

Health: 0/25       AC:  1    Str: 11    XL:     3   Next: 47%
Magic:  5/5        EV: 13    Int: 13    God:
Gold:   71         SH:  0    Dex: 13    Spells: 4/4 levels left

rFire    . . .     SeeInvis .   a - +3 dagger
rCold    . . .     Gourm    .   (no shield)
rNeg     . . .     Faith    .   (helmet restricted)
rPois    .         Spirit   .   (no amulet)
rElec    .         Reflect  .   (no ring)
rCorr    .         Harm     .   (no ring)
MR       .....                  (no ring)
Stlth    ++++......             (no ring)
HPRegen  0.08/turn              (no ring)
MPRegen  0.09/turn              (no ring)
                                (no ring)
                                (no ring)

@: no status effects
A: almost no armour, stealthy swim, amphibious, 8 rings, constrict 8, camouflage
1, gelatinous body 1
a: no special abilities


You were on level 2 of the Dungeon.
You were hungry.

You visited 1 branch of the dungeon, and saw 2 of its levels.

You collected 71 gold pieces.

Inventory:

Hand Weapons
 a - a +3 dagger (weapon)
 b - a +0 blowgun
 n - a cursed -1 dagger
Missiles
 c - 26 poisoned needles
 d - 2 curare-tipped needles
 i - 32 stones (quivered)
 o - 19 sling bullets
Jewellery
 g - a cursed -2 ring of dexterity {unknown}
Scrolls
 m - a scroll of teleportation
 q - a scroll of identify {unknown}
Potions
 e - a potion of magic {unknown}
 j - a potion of heal wounds {unknown}
 k - a potion of degeneration {unknown}
 l - a potion of haste {unknown}
Comestibles
 f - 6 rations


   Skills:
 + Level 2.3 Fighting
 + Level 2.3 Short Blades
 - Level 2.0 Throwing
 + Level 1.5 Dodging
 + Level 5.6 Stealth
 * Level 1.4 Spellcasting


You had 4 spell levels left.
You didn't know any spells.

Dungeon Overview and Level Annotations

Branches:
Dungeon (2/15)

Altars:


Innate Abilities, Weirdness & Mutations

You cannot wear most types of armour.
You are very stealthy in the water. (Stealth+)
You are amphibious.
You can wear up to eight rings at the same time.
You can use your tentacles to constrict eight enemies at once.
Your skin changes colour to match your surroundings (Stealth+).
Your rubbery body absorbs attacks. (AC +1, EV +1)


Message History

The adder hisses angrily.
Throwing (i - inventory. (,) - cycle):
p - 2 tomahawks (quivered)
Press: ? - help, Shift-Dir - straight line, f/p - adder
Aim: an adder You throw a tomahawk.
The tomahawk closely misses the adder.
Throwing (i - inventory. (,) - cycle):
p - a tomahawk (quivered)
Press: ? - help, Shift-Dir - straight line, f/p - adder
Aim: an adder You throw a tomahawk.
The tomahawk hits the adder.
The adder is heavily wounded.
The adder bites you.
* * * LOW HITPOINT WARNING * * *
Okay, then.
The adder misses you.
Found 8 gold pieces.
The adder misses you.
A goblin comes into view. It is wielding a dagger.
The adder barely misses you. The adder bites you.
You die...

...<.......#........(
.............(...####
....................
..................#..
........$.......## #
##.$........#....
##.........##.#.#
#...............
#@.............
##S........!... ≈
##.............. ≈≈≈
#.......>.......
≈≈≈.≈#.#............
≈≈≈≈.g...........#..
.≈≈≈.$...##.....##
.≈≈≈≈≈##.# .#####
≈≈≈≈.. #.. ##


You could see an adder.

Vanquished Creatures
  2 adders (D:2)
  A worm (D:2)
  A bat (D:1)
  2 giant cockroaches
  2 goblins
  2 hobgoblins (D:1)
  4 kobolds (D:1)
  2 frilled lizards
  3 rats (D:1)
19 creatures vanquished.

Notes
Turn   | Place    | Note
-------+----------+-------------------------------------------
     0 | D:1      | suicidejoker the Octopode Assassin began the quest for the Orb.
     0 | D:1      | Reached XP level 1. HP: 14/14 MP: 1/1
   235 | D:1      | Reached XP level 2. HP: 19/19 MP: 2/2
  1154 | D:2      | Reached skill level 1 in Spellcasting
  1154 | D:2      | Reached XP level 3. HP: 24/24 MP: 4/4
  1487 | D:2      | HP: 1/25 [adder (5)]
  1501 | D:2      | Slain by an adder

Skill      XL: |  1  2 |
---------------+-------+-----
Spellcasting   | 1 |  1.4
Fighting       | |  2.3
Short Blades   | |  2.3
Throwing       | |  2.0
Dodging        | |  1.5
Stealth        | |  5.6

Action                   || total
-------------------------++-------
Melee: Dagger            ||    34
       Constrict         ||     5
       Tentacles         ||     1
Throw: Tomahawk          ||     6
  Use: Scroll            ||     3
 Stab: Sleeping          ||    10
  Eat: Chunk             ||     1
Armor: Skin              ||     1
Dodge: Dodged            ||    15
